 Dungeon Crawl Stone Soup version 0.17-a0-1373-g64d4c99 (webtiles) character file.

91 Kidiri the Sneak (level 4, -1/21 HPs)
             Began as a Vine Stalker Air Elementalist on June 13, 2015.
             Was an Initiate of Qazlal.
             Slain by an orc priest
             ... wielding a +0 flail
              (2 damage)
             ... on level 4 of the Dungeon.
             The game lasted 00:18:15 (2596 turns).

Kidiri the Sneak (Vine Stalker Air Elementalist)    Turns: 2596, Time: 00:18:15

Health: -1/21      AC:  3    Str: 11    XL:     4   Next: 57%
Magic:  0/9        EV: 12    Int: 16    God:    Qazlal [......]
Gold:   90         SH:  0    Dex: 14    Spells: 4 memorised, 0 levels left

rFire  . . .     SeeInvis .     j - +1 whip (holy)
rCold  . . .     Clarity  .     a - +0 robe
rNeg   . . .     SustAt   .     (no shield)
rPois  .         Gourm    .     (no helmet)
rElec  .         Spirit   +     (no cloak)
rCorr  .         Warding  .     f - +0 pair of gloves
rMut   .         Stasis   .     (no boots)
MR     .....                    (no amulet)
Stlth  ++........               (no ring)
                                (no ring)

@: repel missiles, not resistant to hostile enchantments, unstealthy
A: fangs 2, regeneration 1, magic shield, antimagic bite, no device heal 3, rot
immunity
a: Renounce Religion


You were on level 4 of the Dungeon.
You worshipped Qazlal.
Qazlal was noncommittal.
You were not hungry.

You visited 1 branch of the dungeon, and saw 4 of its levels.

You collected 90 gold pieces.

Inventory:

Hand weapons
 j - a +1 whip of holy wrath (weapon)
 l - a +2 whip of distortion
Armour
 a - a +0 robe (worn)
 f - a +0 pair of gloves (worn)
Scrolls
 e - a scroll of recharging
Potions
 d - a potion of cancellation {unknown}
 g - 3 potions of brilliance
 h - a potion of degeneration {unknown}
 m - a potion of curing
 q - a potion of poison {unknown}
Books
 b - a book of Air

   Spells                             Type                      Level
   a - Shock                          Conjuration/Air              1
   b - Swiftness                      Charms/Air                   2
   c - Repel Missiles                 Charms/Air                   2
   d - Static Discharge               Conjuration/Air              3
   e - Lightning Bolt                 Conjuration/Air              5
Comestibles
 c - 3 bread rations
 i - 2 slices of pizza
 k - a meat ration
 n - a royal jelly
 o - a beef jerky
 p - 2 chunks of flesh


   Skills:
 + Level 1.7 Dodging
 - Level 3.8 Stealth
 + Level 0.8 Unarmed Combat
 * Level 2.7 Spellcasting
 + Level 1.7 Conjurations
 + Level 1.0 Charms
 + Level 3.4 Air Magic


You couldn't memorise any spells.
You knew the following spells:

 Your Spells              Type           Power        Failure   Level  Hunger
a - Shock                 Conj/Air       ##..         10%         1    #......
b - Repel Missiles        Chrm/Air       #.....       14%         2    ##.....
c - Swiftness             Chrm/Air       #.......     14%         2    ##.....
d - Static Discharge      Conj/Air       ##......     21%         3    ###....


Dungeon Overview and Level Annotations

Branches:
Dungeon (4/15)
 Temple: D:4-7

Altars:
Ashenzari
Qazlal
Xom
Zin


Innate Abilities, Weirdness & Mutations

You have extremely sharp teeth.
Your natural rate of healing is unusually fast.
When hurt, damage is shared between your health and your magic reserves.
Your bite disrupts and absorbs the magic of your enemies.
Potions and wands cannot restore your health.
You are immune to rotting.


Message History

Unknown command.
Casting: Shock
Confirm with . or Enter, or press ? or * to list all spells.
Aiming: Shock
Press: ? - help, Shift-Dir - straight line, f/p - orc priest
Aim: an orc priest, wielding a hand axe and wearing a leather armour (heavily wounded)
The zap hits the orc priest.
The orc priest is lightly wounded.
The zap hits the orc priest.
The orc priest is heavily wounded.
You feel sick. The scorpion stings you.
* * * LOW HITPOINT WARNING * * *
You are lethally poisoned!
The scorpion poisons you! The orc closely misses you.
The orc priest hits you with a flail.
* * * LOW HITPOINT WARNING * * *
Drink which item? (? for menu, Esc to quit)
It was a potion of curing.
You feel better. The scorpion barely misses you.
The orc hits you but does no damage. The orc priest hits you with a flail.
You die...

###########
#.......!.#
#..>......#
#....†)...###
#.............
#...@s....####
#...oo....#
#...o.....#
#...........
#...........#
#...........#
#..........!.
#..........#


You could see a scorpion, 2 orc priests and an orc.

Vanquished Creatures
  A gnoll (D:2)
  3 adders (D:2)
  2 worms (D:2)
  2 giant geckos
  3 orcs (D:4)
  A giant cockroach (D:2)
  4 goblins
  4 hobgoblins (D:1)
  8 kobolds
  A quokka (D:2)
  8 bats
  13 rats
50 creatures vanquished.

Notes
Turn   | Place    | Note
--------------------------------------------------------------
     0 | D:1      | Kidiri the Vine Stalker Air Elementalist began the quest for the Orb.
     0 | D:1      | Reached XP level 1. HP: 9/9 MP: 4/4
   148 | D:1      | Reached XP level 2. HP: 13/13 MP: 3/6
   152 | D:1      | Learned a level 2 spell: Repel Missiles
   155 | D:1      | Learned a level 2 spell: Swiftness
   778 | D:1      | Reached XP level 3. HP: 14/16 MP: 1/7
  1847 | D:2      | Found a stormy altar of Qazlal.
  1860 | D:2      | Reached XP level 4. HP: 11/21 MP: 0/9
  1935 | D:2      | Became a worshipper of Qazlal Stormbringer
  2372 | D:2      | Reached skill level 1 in Charms
  2387 | D:2      | Learned a level 3 spell: Static Discharge
  2416 | D:2      | Found a shattered altar of Ashenzari.
  2419 | D:2      | Found a shimmering altar of Xom.
  2422 | D:2      | Found a glowing silver altar of Zin.
  2582 | D:3      | You fall through a shaft!
  2595 | D:4      | HP: 1/21 [orc priest/flail (5)]
  2596 | D:4      | Slain by an orc priest

Vault maps used:
D:1:      roderic_dead_forest
D:2:      grunt_temple_overflow_diamond, minmay_misc_feat_roman,
          nicolae_qazlal_eye_of_the_storm
D:3:      ecumenical_altar_2, minmay_unequal
D:4:      gammafunk_temple_overflow_wave, first_bread

Action                   |  1- 3 |  4- 6 || total
-------------------------+-------+-------++-------
Melee: Unarmed           |    21 |       ||    21
       Whip              |     8 |     7 ||    15
 Cast: Shock             |    78 |    16 ||    94
       Repel Missiles    |     1 |       ||     1
       Static Discharge  |       |     2 ||     2
  Use: Scroll            |     5 |       ||     5
       Potion            |       |     1 ||     1
 Stab: Sleeping          |     3 |       ||     3
       Distracted        |       |     1 ||     1
  Eat: Chunk             |     4 |     2 ||     6
